 Dungeon Sprint DCSS version 0.24.0-125-gc4c63601f3 (webtiles) character file.

Game seed: 12752925848716481009, levelgen mode: deterministic

1000000 Ponchio the Warrior (level 12, 134/134 HPs)
             Began as a Green Draconian Berserker on Mar 4, 2020.
             Was a Believer of Trog.
             Got out of the dungeon alive.
             The game lasted 00:02:01 (10 turns).

Ponchio the Warrior (Green Draconian Berserker)       Turns: 10, Time: 00:02:01

Health: 134/134    AC:  8    Str: 19    XL:     12   Next: 96%
Magic:  12/12      EV: 25    Int:  9    God:    Trog [**....]
Gold:   0          SH:  0    Dex: 15    Spells: 11/11 levels left

rFire    . . .     SeeInvis .   i - +∞ Axe of Woe
rCold    . . .     Gourm    .   (shield currently unavailable)
rNeg     . . .     Faith    .   (armour unavailable)
rPois    +         Spirit   .   (helmet restricted)
rElec    .         Reflect  .   (no cloak)
rCorr    .         Harm     .   (no gloves)
MR       .....     NoTele   +   (no boots)
Stlth    +.........             (no amulet)
HPRegen  0.32/turn              (no ring)
MPRegen  0.13/turn              (no ring)

@: short of breath
A: breathe noxious fumes, unfitting armour, poison resistance, cold-blooded, AC
+8
a: Breathe Noxious Fumes, Berserk, Trog's Hand, Renounce Religion


You escaped.
You worshipped Trog.
Trog was pleased with you.
You were not hungry.

You visited 1 branch

Inventory:

Hand Weapons
 a - a +0 hand axe
 i - the +∞ Axe of Woe (weapon)
   (You found it in the Dungeon)
Scrolls
 h - a scroll of blinking
Potions
 c - a potion of curing
 d - a potion of heal wounds
 e - a potion of haste
 f - 2 potions of magic
 g - a potion of berserk rage
Comestibles
 b - a ration


   Skills:
 + Level 20.4 Fighting
 + Level 18.9 Axes
 + Level 17.6 Dodging


You had 11 spell levels left.
You didn't know any spells.
Your spell library was empty.

Dungeon Overview and Level Annotations

Branches:
Dungeon (1/1)

Altars:
Makhleb


Innate Abilities, Weirdness & Mutations

You can breathe blasts of noxious fumes.
Your lurid green scales are hard. (AC +8)
You cannot fit into any form of body armour.
Your system is resistant to poisons. (rPois)
You are cold-blooded and may be slowed by cold attacks.


Message History

Trog accepts your kill.
You can now call upon Trog for regeneration and magic resistance.
Your Fighting skill gained 2 levels and is now at level 20!
Your Axes skill gained 2 levels and is now at level 18!
Your Dodging skill gained 2 levels and is now at level 17!
You have reached level 12!
Your experience leads to an increase in your attributes!
Increase (S)trength, (I)ntelligence, or (D)exterity?
You feel agile.
You feel clever.
Your scales feel tougher.
The meat berserker rages.
You hear a shout! x3
A bag of meat comes into view. It is wielding a +9 war axe.
You hear a shout! x2
Are you sure you want to leave the Dungeon?
This will make you lose the game!
The bag of meat shouts!
You hear a shout! x2
The bag of meat completely misses you.
You hear a shout! x2
The bag of meat misses you.
You hear a shout! x5
You have escaped!

.. .. #. .# #..
..# .###..
..###.
.o....###o°....
..O.._.....
#..o°.# #_o@)_#
#.....#
....._O....
......###......
.###.O ..###.
#.. ..# #. .#
.. ..


You could see 3 meat berserkers and 4 bags of meat.

Vanquished Creatures
  2 orcs (D)
2 creatures vanquished.

Notes
Turn   | Place    | Note
-------+----------+-------------------------------------------
     0 | D        | Found the +∞ Axe of Woe
     0 | D        | Ponchio the Draconian Berserker began the quest for the
                  | Orb.
     0 | D        | Reached XP level 1. HP: 19/19 MP: 1/1
     2 | D        | Noticed a bag of meat
     3 | D        | Noticed a bag of meat
     3 | D        | Noticed a bag of meat
     4 | D        | Noticed a bag of meat
     5 | D        | Noticed a bag of meat
     6 | D        | Noticed a bag of meat
     6 | D        | Killed a bag of meat
     6 | D        | Reached skill level 18 in Fighting
     6 | D        | Reached skill level 15 in Dodging
     6 | D        | Reached XP level 2. HP: 52/52 MP: 2/2
     6 | D        | Reached XP level 3. HP: 59/59 MP: 3/3
     6 | D        | Reached XP level 4. HP: 68/68 MP: 4/4
     6 | D        | Reached XP level 5. HP: 74/74 MP: 5/5
     6 | D        | Reached XP level 6. HP: 82/82 MP: 6/6
     6 | D        | Your scales start taking on a lurid green colour.
     6 | D        | Reached XP level 7. HP: 90/90 MP: 7/7
     6 | D        | Gained mutation: Your system is resistant to poisons.
                  | (rPois) [Green Draconian growth]
     6 | D        | Reached XP level 8. HP: 97/97 MP: 8/8
     6 | D        | Reached XP level 9. HP: 104/104 MP: 9/9
     6 | D        | Reached XP level 10. HP: 112/112 MP: 10/10
     6 | D        | Reached XP level 11. HP: 119/119 MP: 11/11
     6 | D        | Noticed a meat berserker
     7 | D        | Noticed a meat berserker
     7 | D        | Noticed a meat berserker
     8 | D        | Killed a bag of meat
     8 | D        | Reached ** piety under Trog
     8 | D        | Reached skill level 20 in Fighting
     8 | D        | Reached XP level 12. HP: 134/134 MP: 12/12
     8 | D        | Noticed a bag of meat
    10 | D        | Got out of the dungeon alive.

Levels and vault maps discovered:
D:        meatsprint

Skill      XL: |  1  2  3  4  5  6  7  8  9 10 11 |
---------------+----------------------------------+-----
Fighting       | 18 20 | 20.4
Axes           | 16 18 | 18.9
Dodging        | 15 17 | 17.6

Action                   |  1- 3 |  4- 6 |  7- 9 | 10-12 || total
-------------------------+-------+-------+-------+-------++-------
Melee: Executioner's axe |     1 |       |       |     1 ||     2
 Abil: Breathe Noxious F |       |       |       |     1 ||     1
Dodge: Dodged            |       |       |       |     2 ||     2
